 Dungeon Crawl Stone Soup version 0.28-a0-723-g095bd1b44f (webtiles) character file.

Game seed: 11322553067074195227

10334 lawman0 the Prestidigitator (level 11, -1/84 HPs)
             Began as a Gnoll Artificer on Oct 25, 2021.
             Was a Believer of Fedhas.
             Slain by a boulder beetle (85 damage)
             ... on level 11 of the Dungeon.
             The game lasted 00:29:09 (16200 turns).

lawman0 the Prestidigitator (Gnoll Artificer)      Turns: 16200, Time: 00:29:10

Health: -1/84      AC: 15    Str: 11    XL:     11   Next: 60%
Magic:  20/20      EV: 14    Int: 13    God:    Fedhas [**....]
Gold:   350        SH:  0    Dex: 20    Spells: 13/22 levels left

rFire   . . .      SeeInvis .   a - +3 scimitar (flame)
rCold   . . .      Faith    .   (no shield)
rNeg    . . .      Spirit   .   h - +3 ring mail
rPois   .          Reflect  .   q - +0 helmet
rElec   .          Harm     .   E - +0 cloak
rCorr   .          Rampage  .   p - +0 pair of gloves
Will    .....                   B - +0 pair of boots
Stlth   +++.......              (no amulet)
HPRegen 0.24/turn               t - +6 ring of dexterity
MPRegen 0.17/turn               F - ring of wizardry

@: no status effects
A: fangs 1, strong nose, distributed training
a: Renounce Religion, Wall of Briars


You were on level 11 of the Dungeon.
You worshipped Fedhas.
Fedhas was pleased with you.
You visited 3 branches of the dungeon, and saw 13 of its levels.
You also visited: Ossuary.

You collected 888 gold pieces.
You spent 538 gold pieces at shops.

Inventory:

Hand Weapons
 a - a +3 scimitar of flaming (weapon)
 b - a +0 vorpal hunting sling
Missiles
 j - 23 poisoned darts (quivered)
 n - 99 sling bullets
 x - 2 boomerangs of dispersal
 y - 252 stones
 H - a throwing net
Armour
 h - a +3 ring mail (worn)
 p - a +0 pair of gloves (worn)
 q - a +0 helmet (worn)
 B - a +0 pair of boots (worn)
 C - a +0 kite shield
 E - a +0 cloak (worn)
Jewellery
 g - a ring of flight
 t - a +6 ring of dexterity (left hand)
 F - a ring of wizardry (right hand)
 K - a ring of willpower
Wands
 s - a wand of iceblast (4)
 L - a wand of flame (27)
Scrolls
 f - 2 scrolls of enchant armour
 k - a scroll of fear
 u - a scroll of vulnerability
 I - a scroll of magic mapping
 J - 2 scrolls of enchant weapon
 M - 2 scrolls of fog {unknown}
Potions
 c - a potion of attraction
 d - a potion of resistance
 i - 2 potions of brilliance
 l - 2 potions of might
 m - a potion of berserk rage
 o - 5 potions of degeneration {unknown}
 r - 4 potions of heal wounds
 v - a potion of lignification
 w - 2 potions of curing
 z - 2 potions of magic
 A - 2 potions of cancellation
 D - a potion of invisibility
 G - 3 potions of flight {unknown}
Miscellaneous
 e - a piece from Xom's chessboard (13/15)
 N - a lightning rod (inert)


   Skills:
 + Level 7.0 Fighting
 + Level 6.4 Short Blades
 + Level 6.4 Long Blades
 + Level 6.4 Axes
 + Level 6.4 Maces & Flails
 + Level 6.4 Polearms
 + Level 6.4 Staves
 + Level 6.4 Slings
 + Level 6.4 Bows
 + Level 6.4 Crossbows
 + Level 6.4 Throwing
 + Level 8.0 Armour
 + Level 7.0 Dodging
 + Level 6.9 Stealth
 + Level 6.4 Shields
 + Level 6.4 Unarmed Combat
 + Level 6.4 Spellcasting
 + Level 5.3 Conjurations
 + Level 5.3 Hexes
 + Level 5.3 Summonings
 + Level 5.3 Necromancy
 + Level 5.3 Translocations
 + Level 5.3 Transmutations
 + Level 5.3 Fire Magic
 + Level 5.3 Ice Magic
 + Level 5.3 Air Magic
 + Level 5.3 Earth Magic
 + Level 5.3 Poison Magic
 + Level 7.1 Invocations
 + Level 9.3 Evocations


You had 13 spell levels left.
You knew the following spells:

 Your Spells              Type           Power      Damage    Failure   Level
a - Passwall              Tmut/Erth      15%        N/A       2%          2
b - Sandblast             Erth           36%        2d10      1%          1
c - Inner Flame           Hex/Fire       18%        N/A       4%          3
d - Vampiric Draining     Necr           9%         2d7       4%          3

Your spell library contained the following spells:

 Spells                   Type           Power      Damage    Failure   Level
 Animate Skeleton         Necr           36%        N/A       1%          1
 Beastly Appendage        Tmut           36%        N/A       1%          1
 Foxfire                  Conj/Fire      72%        2x1d7     1%          1
 Pain                     Necr           72%        1d7       1%          1
 Wereblood                Tmut           18%        N/A       2%          2
 Conjure Flame            Conj/Fire      18%        6-21      4%          3
 Spider Form              Tmut/Pois      9%         N/A       4%          3
 Stone Arrow              Conj/Erth      36%        3d9       4%          3
 Flame Wave               Conj/Fire      18%        3d5       16%         4
 Chain Lightning          Conj/Air       9%         3d12      100%        9
 Fire Storm               Conj/Fire      9%         8d2       100%        9
 Shatter                  Erth           9%         3d11*     100%        9


Dungeon Overview and Level Annotations

Branches:
Dungeon (11/15)            Temple (1/1) D:7            Lair (1/6) D:8
    Orc (0/2) D:11        Ossuary (visited)

Altars:
Fedhas
Okawaru
Yredelemnul
The Shining One

Shops:
D:5 *   D:7 (   D:9 *   D:10 [


Innate Abilities, Weirdness & Mutations

You have very sharp teeth.
Your uncanny sense of smell can sniff out nearby items.
Your experience applies equally to all skills.


Message History

Unknown command.
I - 2 scrolls of magic mapping (gained 1)
You open the door.
There is an open door here.
There is an open door, spattered with blood here.
You open the door.
There is an open door here.
You open the door.
There is an open door here.
Done exploring.
Done exploring.
There is a stone staircase leading down here.
You climb downwards.
You hear the roar of battle.
There is an entrance to a bailey on this level.
Hurry and find it before the portal closes forever!
Found 2 murky dark potions and a falchion.
Found a stone staircase leading down.
There is a stone staircase leading up here.
As you read the scroll of magic mapping, it crumbles to dust.
You feel aware of your surroundings.
You sensed 1 altar, and 1 shop/portal.
The vampire mosquito buzzes angrily.
You climb upwards.
There is a stone staircase leading down here.
There is a stone staircase leading down here.
You climb downwards.
You hear the roar of battle.
There is an entrance to a bailey on this level.
Hurry and find it before the portal closes forever!
Found 7 stones.
There is a stone staircase leading up here.
y - 252 stones (gained 7)
A boulder beetle comes into view.
The boulder beetle curls into a ball and begins rolling!
You make a move on Xom's chessboard...
The boulder beetle resists with significant effort.
You make a move on Xom's chessboard...
The boulder beetle seems to grow stronger.
The boulder beetle hits you!!!!
Ouch! That really hurt!
You die...
Fedhas appreciates your contribution to the ecosystem.

*,*****,* *,* *,*,* *,*
*,****,* **,*,* *,*
*,,,,,,*##* *,,*,**** *,*
*∆,,>,,,..* ***,**,,,,*
*,* **,,,,,*#°*
**,,,,,,,*,* *,*
*8,,,8*#°###*,,≈≈≈≈≈,*,*
*,*
***+***,.○.,,,,≈,,,≈,*,*
*,*
***,,,,,**#B#**,,≈>∩,≈,*,*
*,* *,*,,,,,* #@#
**,≈,,,≈,*,*
,,****,*,,_,,###.#
*∆≈≈≈≈≈,*,*
,,,,,,,*,,,,,#...#
*,,,,,,,*,*
,,,,,,,*,,,,∆#.###
***,,,,,*,***
,************#<#
*****,*,,,* ,*
*,,,****#.#*** *,***,* ,*
**,,,,,,,...,,* *,* *,* ,*
*,,,,,**##.##,*********,*
*,* ,****,*,*,**
#.#*,,,∆,,,,,,,* *,*


You could see a boulder beetle (rolling, strong).

Vanquished Creatures
  Erica (D:8)
  An elephant (Lair:1)
  2 kobold demonologists (D:10)
  An unseen horror (D:10)
  A komodo dragon (Lair:1)
  2 hornets
  3 trolls (D:10)
  8 blink frogs (Lair:1)
  Sigmund (D:2)
  The ghost of Strat the Covert, an amateur GnDe (D:3)
  8 yaks
  A basilisk (Lair:1)
  2 water moccasins
  3 orc warriors
  A black bear (D:8)
  2 ice beasts
  An ogre (D:4)
  4 centaurs
  2 kobold brigands
  4 bullfrogs
  A gnoll sergeant (D:7)
  A wyvern zombie (D:8)
  3 scorpions
  2 water moccasin skeletons (D:5)
  6 wights
  6 howler monkeys
  2 bullfrog zombies (D:5)
  3 hounds
  A centaur zombie (D:9)
  8 orc priests
  2 jellies (D:7)
  3 bullfrog skeletons
  5 iguanas
  Jessica (D:2)
  9 orc wizards
  A scorpion zombie (D:3)
  A hound zombie (D:3)
  7 mummies (Ossuary)
  A howler monkey zombie (D:8)
  Robin (D:2)
  4 adders
  12 gnolls
  2 howler monkey skeletons
  A shadow imp (D:5)
  A white imp (D:6)
  3 ufetubi
  3 worms
  3 dart slugs
  17 orcs
  4 bats
  5 endoplasms
  5 giant cockroaches
  2 gnoll zombies (Ossuary)
  15 goblins
  11 hobgoblins
  34 kobolds
  2 quokkas
  8 ball pythons
  2 frilled lizards (D:1)
  A hobgoblin zombie (Ossuary)
  2 kobold zombies (Ossuary)
  2 orc zombies (Ossuary)
  11 rats
  A spectral orc (D:3)
264 creatures vanquished.

Vanquished Creatures (collateral kills)
  An ice beast (D:7)
  A kobold brigand (D:7)
  3 killer bees (D:7)
  A dart slug (D:1)
  A bat (D:1)
  A kobold (D:7)
  An orc zombie (Ossuary)
9 creatures vanquished.

Vanquished Creatures (others)
  An orc wizard (D:7)
  A mummy (Ossuary)
  2 gnolls (D:6)
  An orc (D:5)
  6 kobolds
  A quokka (D:1)
  26 fungi
  46 plants
84 creatures vanquished.

Grand Total: 357 creatures vanquished

Notes
Turn   | Place    | Note
-------+----------+-------------------------------------------
     0 | D:1      | lawman0 the Gnoll Artificer began the quest for the Orb.
     0 | D:1      | Reached XP level 1. HP: 17/17 MP: 1/1
   425 | D:1      | Reached XP level 2. HP: 8/23 MP: 2/2
  1358 | D:1      | Reached XP level 3. HP: 18/28 MP: 3/3
  1960 | D:2      | Reached skill level 1 in Invocations
  2019 | D:2      | Reached skill level 1 in Short Blades
  2019 | D:2      | Reached skill level 1 in Long Blades
  2019 | D:2      | Reached skill level 1 in Axes
  2019 | D:2      | Reached skill level 1 in Maces & Flails
  2019 | D:2      | Reached skill level 1 in Polearms
  2019 | D:2      | Reached skill level 1 in Staves
  2019 | D:2      | Reached skill level 1 in Slings
  2019 | D:2      | Reached skill level 1 in Bows
  2019 | D:2      | Reached skill level 1 in Crossbows
  2019 | D:2      | Reached skill level 1 in Throwing
  2019 | D:2      | Reached skill level 1 in Shields
  2019 | D:2      | Reached skill level 1 in Unarmed Combat
  2019 | D:2      | Reached skill level 1 in Spellcasting
  2019 | D:2      | Reached XP level 4. HP: 32/34 MP: 5/5
  2072 | D:2      | Noticed Jessica
  2080 | D:2      | Killed Jessica
  2085 | D:2      | Reached skill level 1 in Conjurations
  2085 | D:2      | Reached skill level 1 in Hexes
  2085 | D:2      | Reached skill level 1 in Summonings
  2085 | D:2      | Reached skill level 1 in Necromancy
  2085 | D:2      | Reached skill level 1 in Translocations
  2085 | D:2      | Reached skill level 1 in Transmutations
  2085 | D:2      | Reached skill level 1 in Fire Magic
  2085 | D:2      | Reached skill level 1 in Ice Magic
  2085 | D:2      | Reached skill level 1 in Air Magic
  2085 | D:2      | Reached skill level 1 in Earth Magic
  2085 | D:2      | Reached skill level 1 in Poison Magic
  2362 | D:2      | Noticed Sigmund
  2375 | D:2      | Killed Sigmund
  2376 | D:2      | Reached XP level 5. HP: 22/41 MP: 5/7
  2376 | D:2      | Reached XP level 6. HP: 25/47 MP: 5/8
  2830 | D:2      | Noticed Robin
  2862 | D:2      | Killed Robin
  3130 | D:2      | Found a faded altar of an unknown god.
  3383 | D:2      | Reached skill level 5 in Armour
  3900 | D:3      | Found a basalt altar of Yredelemnul.
  3966 | D:3      | Found a runed translucent door.
  3966 | D:3      | Noticed Strat's ghost (amateur GnDe)
  4574 | D:4      | Learned a level 2 spell: Passwall
  4912 | D:4      | Reached XP level 7. HP: 52/52 MP: 10/10
  5144 | D:4      | Reached skill level 7 in Evocations
  5595 | D:5      | Entered Level 5 of the Dungeon
  5798 | D:5      | Identified the +9 rapier of Wondrous Power {protect, rN+
                  | Str+2 Int-4}
  5817 | D:5      | Reached XP level 8. HP: 26/60 MP: 12/12
  6451 | D:5      | Found Rucotoip's General Store.
  6460 | D:5      | Bought a scroll of enchant weapon for 112 gold pieces
  6460 | D:5      | Bought a scroll of identify for 30 gold pieces
  6460 | D:5      | Bought a scroll of identify for 30 gold pieces
  7260 | D:6      | Found a glowing golden altar of the Shining One.
  7260 | D:6      | Found an iron altar of Okawaru.
  7598 | D:7      | Reached XP level 9. HP: 23/66 MP: 14/14
  7681 | D:7      | Found a blossoming altar of Fedhas.
  7704 | D:7      | Found a sand-covered staircase.
  7708 | Ossuary  | Entered an ossuary
  8218 | D:7      | Became a worshipper of Fedhas Madash
  8228 | D:7      | Reached skill level 5 in Fighting
  8228 | D:7      | Reached skill level 5 in Dodging
  8235 | D:7      | Found a staircase to the Ecumenical Temple.
  8241 | Temple   | Entered the Ecumenical Temple
  8392 | D:7      | Found Joleh's Antique Weapon Boutique.
  8467 | D:7      | Learned a level 1 spell: Sandblast
  8569 | D:7      | Reached skill level 5 in Stealth
  8620 | D:7      | Learned a level 3 spell: Inner Flame
  8948 | D:8      | Reached skill level 8 in Evocations
  9163 | D:7      | Reached skill level 5 in Invocations
  9726 | D:8      | Found a staircase to the Lair.
 10121 | D:8      | Reached XP level 10. HP: 58/74 MP: 17/17
 10128 | D:8      | Reached * piety under Fedhas
 10341 | D:8      | Reached skill level 5 in Short Blades
 10341 | D:8      | Reached skill level 5 in Long Blades
 10341 | D:8      | Reached skill level 5 in Axes
 10341 | D:8      | Reached skill level 5 in Maces & Flails
 10341 | D:8      | Reached skill level 5 in Polearms
 10341 | D:8      | Reached skill level 5 in Staves
 10341 | D:8      | Reached skill level 5 in Slings
 10341 | D:8      | Reached skill level 5 in Bows
 10341 | D:8      | Reached skill level 5 in Crossbows
 10341 | D:8      | Reached skill level 5 in Throwing
 10341 | D:8      | Reached skill level 5 in Shields
 10341 | D:8      | Reached skill level 5 in Unarmed Combat
 10341 | D:8      | Reached skill level 5 in Spellcasting
 10495 | D:8      | Noticed Erica
 10513 | D:8      | Killed Erica
 10866 | D:7      | Bought a runed hunting sling for 121 gold pieces
 11029 | D:3      | Killed Strat's ghost
 11772 | D:3      | \o/
 11941 | Lair:1   | Entered Level 1 of the Lair of Beasts
 12361 | Lair:1   | Noticed an elephant
 12364 | Lair:1   | Noticed an elephant
 12398 | Lair:1   | Noticed an elephant
 12499 | Lair:1   | Noticed an oklob plant
 12513 | Lair:1   | Learned a level 3 spell: Vampiric Draining
 12767 | Lair:1   | Killed an elephant
 12768 | Lair:1   | Reached XP level 11. HP: 45/83 MP: 9/19
 13299 | D:9      | Reached skill level 9 in Evocations
 13315 | D:9      | Reached skill level 5 in Conjurations
 13315 | D:9      | Reached skill level 5 in Hexes
 13315 | D:9      | Reached skill level 5 in Summonings
 13315 | D:9      | Reached skill level 5 in Necromancy
 13315 | D:9      | Reached skill level 5 in Translocations
 13315 | D:9      | Reached skill level 5 in Transmutations
 13315 | D:9      | Reached skill level 5 in Fire Magic
 13315 | D:9      | Reached skill level 5 in Ice Magic
 13315 | D:9      | Reached skill level 5 in Air Magic
 13315 | D:9      | Reached skill level 5 in Earth Magic
 13315 | D:9      | Reached skill level 5 in Poison Magic
 13593 | D:9      | Paralysed by a hornet for 3 turns
 14046 | D:9      | Reached ** piety under Fedhas
 14629 | D:9      | Found Fetillimn's General Store.
 14632 | D:9      | Bought a scroll of identify for 28 gold pieces
 14632 | D:9      | Bought a scroll of identify for 28 gold pieces
 14632 | D:9      | Bought a scroll of magic mapping for 49 gold pieces
 14632 | D:9      | Bought a scroll of identify for 28 gold pieces
 14632 | D:9      | Bought a potion of cancellation for 112 gold pieces
 14897 | D:10     | Entered Level 10 of the Dungeon
 15301 | D:10     | Found Umnoxonune's Antique Armour Shop.
 16197 | D:11     | Noticed a boulder beetle
 16200 | D:11     | Slain by a boulder beetle

Illustrated notes

#§§§#### #.#.#.#
#§§§##.# #.#.#.#
##§##..# #.#.#.#
§§§§##.# #.#.#.#
§§§§##.# #.#.#.#
##§###.# #.#.#.#
.§§§.#.# #.#.#.#
####.#.# #.#.#.# #
#.#.# #.@.#.# # #.#.#
##'##.# # #.#.######
#...#.# ####.#.##...#
#...#.#
.....#.##...###...#.#
###..#.##.).##....#.#
..#..#.#######...##.#
###..#<# ###....##.#
# ####.####.....###.#


Turn 11772 on D:3: \o/

Levels and vault maps discovered:
D:1:      shiori_arrival_maze, layout_loops_ring, st_stairs_11
D:2:      minmay_inner_zag, layout_basic, ebering_ecumenical_altar_webs,
          uniq_sigmund, uniq_jessica, uniq_robin
D:3:      layout_basic, yredelemnul_forgotten_temple_becter,
          ebering_ghost_inner_flame, lightli_corner_chamber
D:4:      layout_gridville
D:5:      layout_basic, serial_shops, nicolae_shop_waterfront,
          minmay_misc_feat_rugged
D:6:      layout_cave_pools, chequers_temple_overflow_statue_of_worship
D:7:      kennysheep_kobold_camp, layout_rooms, fedhas_altar_2,
          minmay_temple_entry_proselytizer, serial_shops,
          nicolae_take_the_stairs, nicolae_ossuary_entry_plus,
          minmay_a_box_with_orc_wizards_in_it
D:8:      layout_basic, grunt_lair_entry_orc_guard_hut,
          chequers_serial_rivers_micro_c, uniq_erica
D:9:      layout_basic, serial_shops, nicolae_shop_competitors_out_of_business
D:10:     layout_irregular_city, serial_shops, nicolae_shop_waterfront,
          minivault_22, kennysheep_small_square
D:11:     layout_loops_ring, minmay_orc_entry_temple_small, enter_bailey_5
Temple:   compressed_dpeg_circular_temple
Lair:1:   layout_cave_pods, minmay_lair_oklob_bushes

Skill      XL: |  1  2  3  4  5  6  7  8  9 10 11 |
---------------+----------------------------------+-----
Invocations    | 1 2 3 4 5 6 7 |  7.1
Short Blades   | 1 2 3 4 5 6 |  6.4
Long Blades    | 1 2 3 4 5 6 |  6.4
Axes           | 1 2 3 4 5 6 |  6.4
Maces & Flails | 1 2 3 4 5 6 |  6.4
Polearms       | 1 2 3 4 5 6 |  6.4
Staves         | 1 2 3 4 5 6 |  6.4
Slings         | 1 2 3 4 5 6 |  6.4
Bows           | 1 2 3 4 5 6 |  6.4
Crossbows      | 1 2 3 4 5 6 |  6.4
Throwing       | 1 2 3 4 5 6 |  6.4
Shields        | 1 2 3 4 5 6 |  6.4
Unarmed Combat | 1 2 3 4 5 6 |  6.4
Spellcasting   | 1 2 3 4 5 6 |  6.4
Conjurations   | 1 2 3 4 5 |  5.3
Hexes          | 1 2 3 4 5 |  5.3
Summonings     | 1 2 3 4 5 |  5.3
Necromancy     | 1 2 3 4 5 |  5.3
Translocations | 1 2 3 4 5 |  5.3
Transmutations | 1 2 3 4 5 |  5.3
Fire Magic     | 1 2 3 4 5 |  5.3
Ice Magic      | 1 2 3 4 5 |  5.3
Air Magic      | 1 2 3 4 5 |  5.3
Earth Magic    | 1 2 3 4 5 |  5.3
Poison Magic   | 1 2 3 4 5 |  5.3
Fighting       | 3 4 5 6 7 |  7.0
Dodging        | 3 4 5 6 7 |  7.0
Stealth        | 3 4 5 6 |  6.9
Armour         | 5 6 7 8 |  8.0
Evocations     | 7 8 9 |  9.3

Action                   |  1- 3 |  4- 6 |  7- 9 | 10-12 || total
-------------------------+-------+-------+-------+-------++-------
Melee: Club              |    73 |       |       |       ||    73
       Bite              |    10 |    13 |    61 |    40 ||   124
       Whip              |    48 |   150 |    70 |       ||   268
       Punch             |       |     1 |     8 |     8 ||    17
       Spear             |       |       |   340 |    40 ||   380
       Scimitar          |       |       |       |   215 ||   215
 Fire: Hunting sling     |       |       |       |    36 ||    36
Throw: Dart              |       |     5 |    19 |    73 ||    97
 Cast: Sandblast         |       |       |    55 |    16 ||    71
       Passwall          |       |       |     1 |     2 ||     3
       Vampiric Draining |       |       |       |    20 ||    20
Evoke: Wand              |    13 |     3 |    57 |     8 ||    81
       Piece from Xom's  |     1 |     8 |     1 |     6 ||    16
       Lightning rod     |       |       |       |     4 ||     4
  Use: Scroll            |       |       |     8 |     9 ||    17
       Potion            |       |       |     5 |     2 ||     7
 Stab: Sleeping          |     5 |     3 |     3 |     1 ||    12
       Paralysed         |       |       |       |     3 ||     3
Armor: Leather armour    |    29 |       |       |       ||    29
       Ring mail         |    18 |    48 |   227 |   142 ||   435
       Skin              |       |       |       |     1 ||     1
Dodge: Dodged            |    86 |    72 |   321 |   206 ||   685

Table legend: (Time is in decaauts)
 A = Elapsed time spent in this place.
 B = Non-inter-level travel time spent in this place.
 C = Inter-level travel time spent in this place.
 D = Time resting spent in this place.
 E = Time spent auto-exploring this place.
 F = Levels seen in this place.
 G = Mean time per level.
                   A        B        C        D        E       F      G
               +--------+--------+--------+--------+--------+-----+--------+
         Total |  16218 |  15108 |   1110 |   2182 |   9742 |  14 | 1158.4 |
       Dungeon |  14938 |  13829 |   1109 |   1815 |   9355 |  11 | 1358.0 |
        Temple |     70 |     70 |      0 |     63 |      0 |   1 |   70.0 |
          Lair |    928 |    928 |      0 |    259 |    259 |   1 |  928.0 |
       Ossuary |    280 |    280 |      0 |     45 |    127 |   1 |  280.0 |
               +--------+--------+--------+--------+--------+-----+--------+

Top non-repeatable levels by time:
     D:1: 1976 daAuts
     D:9: 1866 daAuts
     D:7: 1788 daAuts
     D:3: 1766 daAuts
     D:2: 1706 daAuts
     D:8: 1486 daAuts
    D:10: 1292 daAuts
     D:5: 1276 daAuts
     D:4: 1098 daAuts
  Lair:1: 928 daAuts
     D:6: 669 daAuts
 Ossuary: 280 daAuts
  Temple: 70 daAuts
    D:11: 11 daAuts
